 Dungeon Crawl Stone Soup version 0.18.1-8-gdd0e5ea (webtiles) character file.

917 Liquid the Cutter (level 7, 0/48 HPs)
             Began as a High Elf Skald on June 8, 2016.
             Was an Elder of Ru.
             Killed by divine providence
             ... invoked by an orc priest
              (10 damage)
             ... on level 5 of the Dungeon.
             The game lasted 00:16:52 (4817 turns).

Liquid the Cutter (High Elf Skald)                  Turns: 4817, Time: 00:16:53

Health: 0/48       AC:  6    Str: 11    XL:     7   Next: 83%
Magic:  6/12       EV: 12    Int: 17    God:    Ru [****..]
Gold:   299        SH:  0    Dex: 16    Spells: 5 memorised, 3 levels left

rFire  + . .     SeeInvis .     e - +2 short sword (elec)
rCold  . . .     Gourm    .     i - +0 ring mail
rNeg   . . .     Faith    .     (no shield)
rPois  +         Spirit   .     (no helmet)
rElec  .         Dismiss  .     (no cloak)
rCorr  .         Reflect  .     (no gloves)
SustAt .         Harm     .     (no boots)
MR     .....     Rnd*Tele +     (no amulet)
Stlth  +.........               x - ring of poison resistance
                                f - ring of protection from fire

@: infused, singing, drained, not resistant to hostile enchantments, very
unstealthy
A: rugged brown scales 1, low mp 1, teleportitis 1, inability to use devices,
unskilled 1
a: Draw Out Power, Power Leap, Renounce Religion, Stop Singing


You were on level 5 of the Dungeon.
You worshipped Ru.
Ru was greatly pleased with you.
You were not hungry.

You visited 1 branch of the dungeon, and saw 6 of its levels.

You collected 299 gold pieces.

Inventory:

Hand Weapons
 a - a +0 short sword
 e - a +2 short sword of electrocution (weapon)
Armour
 b - a +0 leather armour
 i - a +0 ring mail (worn)
 v - a +0 large shield
Jewellery
 f - a ring of protection from fire (left hand)
 x - a ring of poison resistance (right hand)
Scrolls
 j - 2 scrolls of blinking {unknown}
 k - 2 scrolls of magic mapping {unknown}
 m - 2 scrolls of teleportation {unknown}
 o - 2 scrolls of noise {unknown}
 p - a scroll of enchant armour {unknown}
 u - 3 scrolls of remove curse {unknown}
Potions
 r - 2 potions of flight
 s - a potion of degeneration
 t - a potion of brilliance
Books
 c - a book of Battle

   Spells                             Type                      Level
   a - Infusion                       Charms                       1
   b - Shroud of Golubria             Charms/Translocation         2
   c - Song of Slaying                Charms                       2
   d - Spectral Weapon                Hexes/Charms                 3
   e - Regeneration                   Charms/Necromancy            3
Comestibles
 d - 3 bread rations
 h - 6 fruits
 l - a beef jerky
 n - 2 slices of pizza
 q - 4 meat rations


   Skills:
 + Level 3.9(3.8) Fighting
 * Level 6.4 Short Blades
 - Level 0.7 Armour
 + Level 3.9(3.8) Dodging
 - Level 4.1(4.0) Spellcasting
 + Level 4.2 Charms


You had 3 spell levels left.
You knew the following spells:

 Your Spells              Type           Power        Failure   Level  Hunger
a - Infusion              Chrm           ###.         10%         1    None
b - Song of Slaying       Chrm           ###.....     12%         2    ##.....
c - Regeneration          Chrm/Necr      ##........   52%         3    ###....
d - Spectral Weapon       Hex/Chrm       ##......     52%         3    ###....
e - Shroud of Golubria    Chrm/Tloc      ##........   24%         2    ##.....


Dungeon Overview and Level Annotations

Branches:
Dungeon (6/15)
 Temple: D:4-7

Altars:
Gozag
Nemelex Xobeh
Ru
Trog
Xom
Zin
The Shining One

Annotations:
D:6 Grinder


Innate Abilities, Weirdness & Mutations

You cannot study or use magical devices.
You are somewhat unskilled (-1 Apt).
You are partially covered in rugged brown scales (AC +1, +3% HP).
Your magical capacity is low (-10% MP).
You are occasionally teleported next to monsters.


Message History

Unknown command.
The jackal barely misses you.
The orc is stunned by your will and fails to attack.
The jackal bites you but does no damage.
The orc priest hits you but does no damage.
You hit the orc.
The orc is heavily wounded.
The jackal barely misses you. The orc hits you with a flail.
* * * LOW HITPOINT WARNING * * *
Unknown command.
You barely miss the jackal.
The jackal bites you but does no damage.
The orc closely misses you.
Unknown command.
You hit the jackal.
The jackal is heavily wounded.
The jackal barely misses you.
The orc priest calls down the wrath of Beogh upon you.
Beogh smites you!
You die...

#.......# #.##.# #... #.......#
#.##.####... #.......#
#.#......... ###
#.....(.######.#......... #.#
#.......'....#.#..####... #.#
#.......#.##.#.#..####... #.#
#.......#.##.#.#..##.#... #.#
#####........................ #.#
#.....###..o@................
#.###.....###..##h##.......#.#...
#..........#...o.o...............
..............>..................
............................####.
......................####..####.
#.########......###...####..##...
#.# ##+#......# #.........##...
#.#####.........###...####......_


You could see an orc priest, an orc and a jackal.

Vanquished Creatures
  A sky beast (D:5)
  2 ice beasts (D:5)
  A scorpion (D:5)
  A hound (D:4)
  A giant frog zombie (D:5)
  An orc priest (D:3)
  A centaur skeleton (D:3)
  A giant frog skeleton (D:4)
  2 orc wizards (D:4)
  3 worker ants
  15 adders
  An ooze (D:4)
  An adder skeleton (D:4)
  An adder zombie (D:5)
  2 worms (D:2)
  A dart slug (D:1)
  4 giant geckos
  13 orcs
  5 giant cockroaches
  9 goblins
  7 hobgoblins
  14 jackals
  8 bats
  4 giant newts
  10 kobolds
  5 rats
  A fungus (D:2)
  A plant (D:2)
116 creatures vanquished.

Vanquished Creatures (others)
  A scorpion (D:5)
1 creature vanquished.

Grand Total: 117 creatures vanquished

Notes
Turn   | Place    | Note
--------------------------------------------------------------
     0 | D:1      | Liquid the High Elf Skald began the quest for the Orb.
     0 | D:1      | Reached XP level 1. HP: 14/14 MP: 4/4
   107 | D:1      | Reached XP level 2. HP: 13/19 MP: 6/6
   612 | D:1      | Learned a level 2 spell: Song of Slaying
   919 | D:1      | Reached XP level 3. HP: 21/25 MP: 8/8
  1027 | D:1      | Reached skill level 3 in Short Blades
  1369 | D:2      | Reached XP level 4. HP: 30/30 MP: 9/9
  1461 | D:2      | Found a sacrificial altar of Ru.
  1546 | D:2      | Became a worshipper of Ru the Awakened
  1694 | D:2      | Reached skill level 4 in Short Blades
  2020 | D:3      | Found a glowing golden altar of the Shining One.
  2227 | D:3      | Reached XP level 5. HP: 35/35 MP: 11/11
  2611 | D:3      | Noticed an orc warrior
  3029 | D:3      | Gained mutation: You are somewhat unskilled (-1 Apt). [Ru sacrifice]
  3029 | D:3      | Reached * piety under Ru
  3105 | D:3      | Learned a level 3 spell: Regeneration
  3109 | D:3      | Learned a level 3 spell: Spectral Weapon
  3204 | D:4      | Found an opulent altar of Gozag.
  3220 | D:4      | Reached XP level 6. HP: 34/41 MP: 12/12
  3352 | D:4      | Reached skill level 5 in Short Blades
  3792 | D:5      | Entered Level 5 of the Dungeon
  3792 | D:5      | Found a shimmering altar of Xom.
  3792 | D:5      | Noticed an angel
  3793 | D:5      | Found a glowing silver altar of Zin.
  4013 | D:5      | Reached XP level 7. HP: 41/46 MP: 13/13
  4162 | D:5      | Found a sparkling altar of Nemelex Xobeh.
  4166 | D:5      | Learned a level 2 spell: Shroud of Golubria
  4190 | D:5      | Reached skill level 6 in Short Blades
  4209 | D:5      | Gained mutation: You are partially covered in rugged brown scales (AC +1, +3% HP). [potion of mutation]
  4209 | D:5      | Gained mutation: You are occasionally teleported next to monsters. [potion of mutation]
  4209 | D:5      | Gained mutation: Your magical capacity is low (-10% MP). [potion of mutation]
  4446 | D:5      | HP: 2/48 [sky beast (6)]
  4479 | D:5      | Gained mutation: You cannot study or use magical devices. [Ru sacrifice]
  4479 | D:5      | Reached ** piety under Ru
  4479 | D:5      | Reached *** piety under Ru
  4479 | D:5      | Reached **** piety under Ru
  4601 | D:5      | Found a bloodstained altar of Trog.
  4808 | D:6      | Noticed Grinder
  4817 | D:5      | Killed from afar by an orc priest

Skill      XL: |  1  2  3  4  5  6  7 |
---------------+----------------------+-----
Spellcasting   | 3 4 |  4.1
Short Blades   | 3 4 5 6 |  6.4
Dodging        | 2 3 |  3.9
Fighting       | 2 3 |  3.9
Charms         | 3 4 |  4.2
Armour         | |  0.7

Action                   |  1- 3 |  4- 6 |  7- 9 || total
-------------------------+-------+-------+-------++-------
Melee: Short sword       |    94 |   217 |    74 ||   385
 Cast: Infusion          |     1 |     2 |     1 ||     4
       Song of Slaying   |       |     2 |     1 ||     3
Invok: Sacrifice Skill   |       |     1 |       ||     1
       Draw Out Power    |       |       |     1 ||     1
       Sacrifice Artific |       |       |     1 ||     1
 Abil: Stop Singing      |       |     1 |       ||     1
  Use: Scroll            |       |     4 |     1 ||     5
       Potion            |       |       |     4 ||     4
  Eat: Chunk             |     1 |     9 |     1 ||    11
       Royal jelly       |       |       |     1 ||     1
Armor: Leather armour    |     9 |       |       ||     9
       Ring mail         |    21 |    58 |    27 ||   106
Dodge: Dodged            |    59 |   109 |    34 ||   202
